[Event "Titled Tuesday Blitz February 14 Late 2023"]
[White "Grot, Blazej"]
[Black "Al-Tarboush, Ward"]
[WhiteFideId "21835845"]
[BlackFideId "7601450"]
[WhiteElo "1990"]
[BlackElo "2256"]
[Result "0-1"]
[Round "07"]
[TimeControl "180+2"]
[Date "2023.02.14"]
[WhiteClock "0:00:06"]
[BlackClock "0:01:21"]

1. e4 e6 2. d3 d5 3. Nd2 Nf6 4. Ngf3 b6 5. g3 Bb7 6. Qe2 Be7 7. Bg2 c5 8. O-O Nc6 9. Re1 Qc7 10. Nf1 h6 11. h4 a5 12. N1h2 b5 13. e5 Nd7 14. Bf4 O-O-O 15. c3 Nb6 16. Nd2 g5 17. hxg5 hxg5 18. Be3 d4 19. cxd4 cxd4 20. Bxg5 Bxg5 21. Ne4 Be7 22. Rac1 Kb8 23. Ng4 Nd5 24. Ngf6 Qxe5 25. f4 Nxf4 26. gxf4 Qxf4 27. Qf3 Qh2+ 28. Kf2 Ne5 29. Qg3 Qxg3+ 30. Kxg3 Nxd3 31. Red1 Nxc1 32. Rxc1 Bxf6 33. Nxf6 Rhg8+ 34. Nxg8 Rxg8+ 35. Kf4 Rxg2 36. Rh1 Rf2+ 37. Kg3 Bxh1 38. Kxf2 e5 0-1


[Site "https://www.chess.com"]

[Event "Titled Tuesday Blitz February 14 Late 2023"]
[White "Dzida, Kamil"]
[Black "Maltsevskaya, Aleksandra"]
[WhiteFideId "21828652"]
[BlackFideId "24174041"]
[WhiteElo "2352"]
[BlackElo "2390"]
[Result "0-1"]
[Round "07"]
[TimeControl "180+2"]
[Date "2023.02.14"]
[WhiteClock "0:00:03"]
[BlackClock "0:00:02"]

1. e4 c5 2. Nf3 Nc6 3. Bb5 g6 4. O-O Bg7 5. Bxc6 bxc6 6. h3 Nf6 7. Re1 O-O 8. c3 d6 9. d4 Nd7 10. Be3 Rb8 11. b3 a5 12. Nbd2 Ba6 13. h4 cxd4 14. cxd4 c5 15. Rc1 cxd4 16. Nxd4 Ne5 17. Nc4 Nxc4 18. bxc4 Qd7 19. h5 Rfc8 20. h6 Bf6 21. Nf3 Rxc4 22. e5 Rxc1 23. Bxc1 Bh8 24. Bf4 Bc4 25. exd6 exd6 26. Qxd6 Qxd6 27. Bxd6 Ra8 28. Ne5 Bxa2 29. Nd7 Be6 30. Nb6 Re8 31. Rc1 Bf6 32. f3 Bg5 33. Ra1 Bxh6 34. Rxa5 Rd8 35. Bc5 Bf4 36. Kf2 Rd2+ 37. Kf1 Rc2 38. Bf2 h5 0-1


[Site "https://www.chess.com"]

[Event "Titled Tuesday Blitz February 14 Late 2023"]
[White "Lorenzo De La Riva, Lazaro"]
[Black "Lucassen, Mickey"]
[WhiteFideId "2268809"]
[BlackFideId "12919110"]
[WhiteElo "2404"]
[BlackElo "2023"]
[Result "0-1"]
[Round "07"]
[TimeControl "180+2"]
[Date "2023.02.14"]
[WhiteClock "0:01:33"]
[BlackClock "0:01:04"]

1. e4 c5 2. Nc3 g6 3. Bc4 Bg7 4. Qf3 e6 5. Nb5 d6 6. Qg3 e5 7. Qd3 Ke7 8. Nc3 Be6 9. b3 Nc6 10. Nf3 Nb4 11. Qe2 Nxc2+ 12. Kd1 Nxa1 13. Bb2 Nxb3 14. axb3 h6 15. h4 Kf8 16. h5 g5 17. Nh2 Ne7 18. Ng4 Nc6 19. Nd5 Nd4 20. Bxd4 cxd4 21. Qf3 a6 22. b4 Rc8 23. Bb3 a5 24. Ngf6 Bxf6 25. Nxf6 Bxb3+ 26. Ke2 d3+ 27. Kxd3 Bc4+ 28. Ke3 Qb6+ 29. d4 Qxd4# 0-1


[Site "https://www.chess.com"]

[Event "Titled Tuesday Blitz February 14 Late 2023"]
[White "Aldokhin, Ivan"]
[Black "Bouget, Alexandre"]
[WhiteFideId "24115720"]
[BlackFideId "681318"]
[WhiteElo "2413"]
[BlackElo "2267"]
[Result "1-0"]
[Round "07"]
[TimeControl "180+2"]
[Date "2023.02.14"]
[WhiteClock "0:01:39"]
[BlackClock "0:01:31"]

1. e4 e6 2. d4 d5 3. Nc3 Bb4 4. exd5 exd5 5. Bd3 Nf6 6. Nf3 O-O 7. O-O Bg4 8. h3 Bh5 9. g4 Bg6 10. Bg5 c6 11. Ne5 Bxd3 12. Qxd3 Be7 13. Rae1 h6 14. Bh4 Re8 15. f4 Nh7 16. Nxf7 Bxh4 17. Nxd8 Bxe1 18. Nxb7 Nd7 19. Nd6 Re6 20. Qf5 Nhf8 21. Qf7+ Kh7 22. Nf5 1-0


[Site "https://www.chess.com"]

[Event "Titled Tuesday Blitz February 14 Late 2023"]
[White "Kleiman, Jake"]
[Black "Fernandez, Maria Florencia"]
[WhiteFideId "2020041"]
[BlackFideId "116459"]
[WhiteElo "2399"]
[BlackElo "2129"]
[Result "1-0"]
[Round "07"]
[TimeControl "180+2"]
[Date "2023.02.14"]
[WhiteClock "0:00:11"]
[BlackClock "0:00:03"]

1. h4 d5 2. d4 c5 3. c3 Nc6 4. Bf4 Nf6 5. e3 Bf5 6. Nd2 e6 7. Qb3 Qb6 8. h5 h6 9. Ngf3 c4 10. Qxb6 axb6 11. a3 Bg4 12. Ne5 Bxh5 13. e4 g5 14. Bg3 Bg6 15. Nxg6 fxg6 16. Be2 h5 17. O-O-O Bh6 18. Kc2 Kf7 19. Rde1 g4 20. e5 Bxd2 21. Kxd2 Ne4+ 22. Ke3 Nxg3 23. fxg3 Kg7 24. Bd1 Rhf8 25. Ref1 Ne7 26. Bc2 Rxf1 27. Rxf1 Nf5+ 28. Bxf5 gxf5 29. Kf4 Kg6 30. Rh1 Ra5 31. Re1 Rb5 32. Re2 Ra5 33. Rd2 Rb5 34. Rf2 Ra5 35. Ke3 Ra8 36. Rf1 Rh8 37. Rh1 Kg5 38. Rh2 h4 39. Rh1 Rh5 40. gxh4+ Rxh4 41. Ra1 f4+ 42. Kf2 Rh2 43. Kg1 Rh4 44. a4 Kf5 45. a5 bxa5 46. Rxa5 Ke4 47. Ra8 Rh7 48. Re8 Rh6 49. Re7 f3 50. Rf7 fxg2 51. Kxg2 Kd3 52. Rf6 Rh7 53. Rxe6 Kc2 54. Rb6 Rg7 55. Kg3 Kd3 56. e6 Ke4 57. Rd6 Kf5 58. Rxd5+ Kxe6 59. Rc5 Kd6 60. Rxc4 b5 61. Rb4 Kc6 62. Rb3 Rg8 63. Ra3 Rg7 64. Ra6+ Kd5 65. Rb6 Kc4 66. Rb8 Rg6 67. Rc8+ Kb3 68. Rc5 Kxb2 69. d5 Rg7 70. d6 Kb3 71. Rc7 Rg8 72. d7 Rd8 73. Kxg4 b4 74. cxb4 Kxb4 75. Kf5 Kb5 76. Ke6 Kb6 77. Rc8 Rxd7 78. Kxd7 Kb7 79. Rc6 Ka7 80. Kc8 Ka8 81. Ra6# 1-0


[Site "https://www.chess.com"]

[Event "Titled Tuesday Blitz February 14 Late 2023"]
[White "Martinez Reyes, Pedro Ramon"]
[Black "Kielinkei"]
[WhiteFideId "3901807"]
[WhiteElo "2376"]
[BlackElo "2399"]
[Result "0-1"]
[Round "07"]
[TimeControl "180+2"]
[Date "2023.02.14"]
[WhiteClock "0:00:01"]
[BlackClock "0:00:15"]

1. c4 Nf6 2. Nc3 e6 3. d4 Bb4 4. Bd2 d5 5. e3 O-O 6. Nf3 b6 7. cxd5 exd5 8. Bd3 Be7 9. O-O h6 10. Ne5 Bb7 11. f4 c5 12. Qf3 Nc6 13. Rae1 cxd4 14. Nxc6 Bxc6 15. exd4 Ne4 16. Bc1 Bf6 17. Kh1 Bxd4 18. Nxe4 dxe4 19. Bxe4 Bxe4 20. Qxe4 Re8 21. Qb7 Bf6 22. h3 Qd3 23. Rd1 Qb5 24. Qd5 Qxd5 25. Rxd5 Re2 26. g4 Bxb2 27. f5 Rc8 28. Bf4 Bf6 29. Rd7 Rxa2 30. Rfd1 Ra1 31. Kg2 Rxd1 32. Rxd1 a5 33. Rb1 Rc6 34. Kg3 a4 35. h4 a3 36. g5 a2 37. Rd1 a1=Q 0-1


[Site "https://www.chess.com"]

[Event "Titled Tuesday Blitz February 14 Late 2023"]
[White "Hoffmann, Asa"]
[Black "Chor, Kevin"]
[WhiteFideId "2001470"]
[BlackFideId "2090740"]
[WhiteElo "2185"]
[BlackElo "1944"]
[Result "1-0"]
[Round "07"]
[TimeControl "180+2"]
[Date "2023.02.14"]
[WhiteClock "0:00:58"]
[BlackClock "0:00:39"]

1. d4 Nf6 2. Bg5 Ne4 3. Bf4 c5 4. f3 Qa5+ 5. c3 Nf6 6. d5 g6 7. e4 Bg7 8. Qd2 d6 9. Na3 Nbd7 10. Nc4 Qc7 11. a4 b6 12. Bd3 O-O 13. Bh6 e6 14. Bxg7 Kxg7 15. dxe6 fxe6 16. Ne2 d5 17. Ne3 Ne5 18. Bc2 Rd8 19. exd5 exd5 20. O-O d4 21. cxd4 cxd4 22. Nxd4 Qc5 23. Rfd1 Bh3 24. Rac1 Rac8 25. Kf2 Bd7 26. Bf5 Qe7 27. Bxd7 Rxc1 28. Ndf5+ gxf5 29. Nxf5+ Kf8 30. Qh6+ 1-0


[Site "https://www.chess.com"]

[Event "Titled Tuesday Blitz February 14 Late 2023"]
[White "Fajdetic, Hrvoje"]
[Black "Brilej, Jaka"]
[WhiteFideId "14501945"]
[BlackFideId "14618818"]
[WhiteElo "2151"]
[BlackElo "2321"]
[Result "0-1"]
[Round "07"]
[TimeControl "180+2"]
[Date "2023.02.14"]
[WhiteClock "0:00:05"]
[BlackClock "0:00:13"]

1. d4 d5 2. Bf4 c5 3. e3 Nc6 4. Nc3 a6 5. Nf3 Bg4 6. Be2 e6 7. a3 Nf6 8. O-O Be7 9. Ne5 Bxe2 10. Nxe2 O-O 11. Rc1 c4 12. Nxc6 bxc6 13. c3 Bd6 14. Ng3 Bxf4 15. exf4 Rb8 16. Rc2 g6 17. Re1 Qc7 18. Re5 Nd7 19. Qg4 Nxe5 20. fxe5 Kh8 21. Qh4 Qd8 22. Qh6 f5 23. f4 Qe7 24. Nf1 Qg7 25. Qh4 Rg8 26. Ne3 g5 27. fxg5 Qxg5 28. Qf2 Rb7 29. g3 Rf7 30. Ng2 f4 31. gxf4 Rxf4 32. Qd2 Rg4 33. Qxg5 R8xg5 34. h3 Rg3 35. Kh2 Rf3 36. Nh4 Rf7 37. Rg2 Rxg2+ 38. Kxg2 Kg7 39. Kg3 Rb7 40. Nf3 Rxb2 41. Ng5 Rb3 42. Nxe6+ Kg6 43. Nf4+ Kf7 44. Ne2 Rxa3 45. Kf4 Ra2 46. Ng3 Rf2+ 47. Kg5 a5 48. Nf5 Rxf5+ 49. Kxf5 a4 50. e6+ Ke7 51. Ke5 a3 0-1


[Site "https://www.chess.com"]

[Event "Titled Tuesday Blitz February 14 Late 2023"]
[White "Gonzalez, Francisco Silva"]
[Black "Prem, Pranav"]
[WhiteFideId "1512285"]
[BlackFideId "30901057"]
[WhiteElo "2021"]
[BlackElo "2061"]
[Result "0-1"]
[Round "07"]
[TimeControl "180+2"]
[Date "2023.02.14"]
[WhiteClock "0:00:42"]
[BlackClock "0:00:35"]

1. d4 d5 2. c4 e6 3. Nc3 Nf6 4. Bg5 Be7 5. e3 Nbd7 6. Qc2 O-O 7. Nf3 h6 8. cxd5 hxg5 9. dxe6 fxe6 10. Nxg5 Nb6 11. h4 c5 12. dxc5 Bxc5 13. a3 Qe7 14. b4 Bd6 15. Rd1 Bd7 16. Nce4 Rac8 17. Nxf6+ gxf6 18. Qg6+ Qg7 19. Qxg7+ Kxg7 20. Rxd6 fxg5 21. hxg5 Rc1+ 22. Kd2 Ra1 23. f4 Bb5 24. Bxb5 Rxh1 25. Rxe6 Ra1 26. g4 Ra2+ 27. Ke1 Rc8 28. Be2 Rcc2 29. Bd1 Rg2 30. Kf1 Rh2 31. Kg1 Rhd2 32. Be2 Rxe2 33. Kf1 Rec2 0-1


[Site "https://www.chess.com"]

[Event "Titled Tuesday Blitz February 14 Late 2023"]
[White "Rios Escobar, Adan"]
[Black "Machidon, Cristi"]
[WhiteFideId "3403645"]
[BlackFideId "13904590"]
[WhiteElo "2234"]
[BlackElo "2301"]
[Result "1/2-1/2"]
[Round "07"]
[TimeControl "180+2"]
[Date "2023.02.14"]
[WhiteClock "0:00:05"]
[BlackClock "0:00:09"]

1. d4 Nf6 2. g3 Nc6 3. Nf3 d5 4. Bg2 Bf5 5. O-O Nb4 6. c4 e6 7. Nc3 dxc4 8. Nh4 c6 9. Nxf5 exf5 10. Re1 Be7 11. a3 Nbd5 12. e4 fxe4 13. Nxe4 O-O 14. Qc2 b5 15. Ng5 h6 16. Nf3 Re8 17. Ne5 Qb6 18. Bh3 Bd6 19. Bd2 Re7 20. Bc3 Rae8 21. Kg2 Nxc3 22. Qxc3 Nd5 23. Qf3 Bxe5 24. dxe5 Rxe5 25. Rxe5 Rxe5 26. Rd1 g6 27. Bd7 Kg7 28. h4 h5 29. Rd2 Qc5 30. b4 cxb3 31. Qxb3 Nf6 32. Rc2 Qd4 33. Bxc6 a6 34. Bf3 Rf5 35. Qc3 Qd6 36. Qb2 Kh6 37. Rc6 Qe7 38. Qc3 Kg7 39. Rxa6 Rc5 40. Qb2 Rc4 41. Rb6 Ra4 42. Rb7 Qd6 43. Rb6 Qe7 44. Rxb5 Rxa3 45. Rb6 Ra5 46. Rc6 Rf5 47. Rb6 Qe5 48. Qxe5 Rxe5 49. Ra6 Nd7 50. Ra7 Nc5 51. Ra2 Nd3 52. Ra3 Ne1+ 53. Kh3 Nxf3 54. Rxf3 f5 55. Kg2 Kf6 56. Rd3 Rc5 57. Ra3 Rc6 58. Rb3 Ra6 59. Kf3 g5 60. hxg5+ Kxg5 61. Rb4 Ra3+ 62. Kg2 Ra2 63. Rc4 Rb2 64. Rd4 Re2 65. Rc4 Re4 66. Rxe4 fxe4 67. Kf1 h4 68. gxh4+ Kxh4 69. Ke2 Kg4 70. Ke3 Kf5 71. f3 exf3 72. Kxf3 1/2-1/2


[Site "https://www.chess.com"]

[Event "Titled Tuesday Blitz February 14 Late 2023"]
[White "Kaplan, Avi Harrison"]
[Black "Smith, Garrett L"]
[WhiteFideId "30934559"]
[BlackFideId "2024829"]
[WhiteElo "2146"]
[BlackElo "2047"]
[Result "1-0"]
[Round "07"]
[TimeControl "180+2"]
[Date "2023.02.14"]
[WhiteClock "0:01:06"]
[BlackClock "0:00:08"]

1. d4 Nf6 2. Nc3 d5 3. Bf4 e6 4. e3 Be7 5. Nf3 O-O 6. Ne5 c5 7. g4 cxd4 8. exd4 Nc6 9. a3 Nd7 10. Bd3 Nxd4 11. Bxh7+ Kxh7 12. Qxd4 Bg5 13. O-O-O Nxe5 14. Qxe5 Bxf4+ 15. Qxf4 Bd7 16. h4 Bc6 17. h5 Qb8 18. Qe3 d4 19. Rxd4 Bxh1 20. g5 Rd8 21. g6+ Kh8 22. Rh4 Kg8 23. Rxh1 Qd6 24. h6 fxg6 25. hxg7 Kxg7 26. Qh6+ Kf7 27. Qh7+ Ke8 28. Qxg6+ Kd7 29. Rd1 1-0


[Site "https://www.chess.com"]

[Event "Titled Tuesday Blitz February 14 Late 2023"]
[White "Reprintsev, Alexander"]
[Black "Hartikainen, Jarmo"]
[WhiteFideId "14100541"]
[BlackFideId "503134"]
[WhiteElo "2253"]
[BlackElo "2108"]
[Result "1-0"]
[Round "07"]
[TimeControl "180+2"]
[Date "2023.02.14"]
[WhiteClock "0:01:14"]
[BlackClock "0:00:07"]

1. e4 c5 2. b3 Nc6 3. Bb2 e5 4. f4 d6 5. Qf3 Nf6 6. Bb5 Bd7 7. Ne2 Nd4 8. Nxd4 cxd4 9. Bxd7+ Qxd7 10. c3 Qc6 11. fxe5 dxe5 12. d3 Bc5 13. cxd4 Bxd4 14. Bxd4 exd4 15. O-O O-O 16. Nd2 b5 17. e5 Qxf3 18. Nxf3 Nd7 19. e6 fxe6 20. Nxd4 Rxf1+ 21. Rxf1 Nc5 22. Nxb5 Nxd3 23. Nc7 Rc8 24. Nxe6 h6 25. Rd1 Nb4 26. a3 Nc2 27. Rc1 Rc6 28. Nd8 Rc8 29. Nb7 Rb8 30. Nd6 Nxa3 31. Rc3 Nb5 32. Rc8+ Rxc8 33. Nxc8 a5 34. Ne7+ Kf7 35. Nc6 Ke6 36. Nxa5 Kd5 37. Kf2 Kc5 38. Kf3 Kb4 39. Nc6+ Kxb3 40. Kf4 Kc4 41. Kf5 Kd3 42. Kg6 Ke2 43. Kxg7 Kf2 44. g4 Kg2 45. Kxh6 Kxh2 46. g5 Nd6 47. g6 Ne8 48. Kg5 Kg3 49. Nd4 Kh3 50. Nf5 Nc7 51. Kf6 Nd5+ 52. Ke5 1-0


[Site "https://www.chess.com"]

[Event "Titled Tuesday Blitz February 14 Late 2023"]
[White "Sabar, Ethmane Daouda"]
[Black "Novikov, Evgenij"]
[WhiteFideId "19600097"]
[BlackFideId "4125380"]
[WhiteElo "2040"]
[BlackElo "2276"]
[Result "0-1"]
[Round "07"]
[TimeControl "180+2"]
[Date "2023.02.14"]
[WhiteClock "0:00:03"]
[BlackClock "0:00:03"]

1. e4 c5 2. a3 e5 3. b4 d6 4. Nf3 Nc6 5. bxc5 dxc5 6. Bb5 Bd6 7. Bb2 Qc7 8. Bxc6+ Qxc6 9. Nxe5 Qxe4+ 10. Qe2 Qxe2+ 11. Kxe2 Nf6 12. Nc4 Bc7 13. Bxf6 gxf6 14. Nc3 Be6 15. Ne3 O-O-O 16. g3 h5 17. f4 h4 18. f5 Bd7 19. Ncd5 Bb5+ 20. c4 Bxc4+ 21. Nxc4 Rxd5 22. Ne3 Rd4 23. g4 h3 24. Rac1 b6 25. Rc4 Re8 26. Rc3 Rxg4 27. Kf3 Rf4+ 28. Ke2 Rxf5 29. Kd1 Rf2 30. Ng4 Rg2 31. Nxf6 Ree2 32. Rd3 Bxh2 33. Nd5 c4 34. Rd4 Kb7 35. Ne3 Rgf2 36. Nxc4 Bf4 37. Rxh3 b5 38. Nd6+ Bxd6 39. Rxd6 Re7 40. Rb3 Rf1+ 41. Kc2 a6 42. a4 Rc7+ 43. Kb2 Rc5 44. axb5 axb5 45. d4 Rcf5 46. Ka3 R1f3 47. Rxf3 Rxf3+ 48. Kb4 Kc7 0-1


[Site "https://www.chess.com"]

[Event "Titled Tuesday Blitz February 14 Late 2023"]
[White "benny_aizenberg"]
[Black "Bongo Akanga Ndjila, Barthelemy"]
[BlackFideId "10609431"]
[WhiteElo "2558"]
[BlackElo "1824"]
[Result "1-0"]
[Round "07"]
[TimeControl "180+2"]
[Date "2023.02.14"]
[WhiteClock "0:01:29"]
[BlackClock "0:01:27"]

1. g4 d5 2. g5 c5 3. h4 Nc6 4. Bg2 e5 5. d3 Qc7 6. Bxd5 Bd6 7. Nc3 a6 8. Bg2 Nge7 9. e3 Be6 10. Bh3 Bxh3 11. Nxh3 O-O 12. Bd2 f6 13. gxf6 Rxf6 14. Ne4 Rg6 15. h5 Re6 16. Nhg5 Rh6 17. Qg4 Qc8 18. Qg3 Nb4 19. Bxb4 cxb4 20. O-O-O b3 21. axb3 Nd5 22. Rhg1 Nb4 23. c3 Bf8 24. Qxe5 Qc7 25. Qxc7 1-0


[Site "https://www.chess.com"]

[Event "Titled Tuesday Blitz February 14 Late 2023"]
[White "Delorme, Alban"]
[Black "Strahov, Andrej"]
[WhiteFideId "623636"]
[BlackFideId "4165489"]
[WhiteElo "2298"]
[BlackElo "2398"]
[Result "1-0"]
[Round "07"]
[TimeControl "180+2"]
[Date "2023.02.14"]
[WhiteClock "0:00:10"]
[BlackClock "0:00:58"]

1. e4 d5 2. exd5 Qxd5 3. Nc3 Qa5 4. b4 Qxb4 5. Nb5 Qa5 6. Bc4 c6 7. Bxf7+ Kxf7 8. Qh5+ Kf6 9. Bb2+ e5 10. Qxe5+ Kg6 11. Qe8+ Kh6 12. Qxf8 Qxb5 13. Qxg7+ Kh5 14. Qxh8 Bf5 15. Qe5 Qxe5+ 16. Bxe5 Nd7 17. Bd4 Bxc2 18. Nf3 Re8+ 19. Be3 Bd3 20. h3 Ngf6 21. g4+ Kg6 22. Nh4+ Kf7 23. f3 Ne5 24. Kf2 Bc4 25. Nf5 Rd8 26. Bd4 Ng6 27. Nh6+ Kg7 28. Nf5+ Kf7 29. Rhe1 Ng8 30. h4 Be6 31. Bc3 Nf4 32. Re4 Nd5 33. Rae1 Bxf5 34. gxf5 Rd6 35. Rg4 Nxc3 36. dxc3 Rd3 37. Re3 Rd2+ 38. Re2 Rd3 39. Rb4 b6 40. Rc4 Ne7 41. Rd4 Rxd4 42. cxd4 Nxf5 43. Re4 Kf6 44. Ke2 Nd6 45. Rf4+ Ke6 46. Kd3 Nb7 47. Rf8 c5 48. dxc5 Nxc5+ 49. Ke3 Kd5 50. Rh8 Nd7 51. Rxh7 Ne5 52. Rxa7 Nc4+ 53. Kf2 Ne5 54. Ra6 Nd3+ 55. Ke3 b5 56. Kxd3 Kc5 57. Ra5 Kb6 58. Rxb5+ Kxb5 59. h5 Ka4 60. h6 Ka3 61. h7 Kxa2 62. h8=Q Ka3 63. Qb8 Ka2 64. Kc3 Ka1 65. Qb2# 1-0


[Site "https://www.chess.com"]

[Event "Titled Tuesday Blitz February 14 Late 2023"]
[White "Sztokbant, Bernardo Vainzoff"]
[Black "Rodrigues, Tiago Pereira"]
[WhiteFideId "2115956"]
[BlackFideId "2101203"]
[WhiteElo "2213"]
[BlackElo "2155"]
[Result "1-0"]
[Round "07"]
[TimeControl "180+2"]
[Date "2023.02.14"]
[WhiteClock "0:01:11"]
[BlackClock "0:00:20"]

1. d4 Nf6 2. Nf3 d6 3. g3 c6 4. Bg2 g6 5. O-O Nbd7 6. c4 Bg7 7. Nc3 e5 8. e4 O-O 9. Re1 exd4 10. Nxd4 Re8 11. h3 a5 12. b3 Nc5 13. Bf4 Nh5 14. Be3 Qb6 15. Rc1 Qb4 16. Qd2 a4 17. g4 axb3 18. axb3 Nf6 19. Bf4 Bf8 20. Rb1 Nfd7 21. Nc2 Qb6 22. b4 Na4 23. Ra1 Nxc3 24. Rxa8 Bg7 25. Bxd6 c5 26. e5 cxb4 27. Nxb4 Bxe5 28. Bxe5 Nxe5 29. Qxc3 1-0


[Site "https://www.chess.com"]

[Event "Titled Tuesday Blitz February 14 Late 2023"]
[White "Papayan, Oleg"]
[Black "Papp, Levente"]
[WhiteFideId "4193911"]
[BlackFideId "751243"]
[WhiteElo "2253"]
[BlackElo "2353"]
[Result "0-1"]
[Round "07"]
[TimeControl "180+2"]
[Date "2023.02.14"]
[WhiteClock "0:00:03"]
[BlackClock "0:00:05"]

1. e4 e6 2. d4 d5 3. Nc3 Bb4 4. Ne2 Nc6 5. a3 Ba5 6. b4 Bb6 7. Bb2 Nge7 8. e5 O-O 9. Na4 f6 10. Nxb6 axb6 11. exf6 Rxf6 12. Ng3 Qf8 13. f3 e5 14. dxe5 Re6 15. Be2 Nxe5 16. O-O Nc4 17. Bxc4 dxc4 18. Qd4 b5 19. Rfe1 Raa6 20. Qc5 Rxe1+ 21. Rxe1 Re6 22. Rxe6 Bxe6 23. Qxc7 Nd5 24. Qe5 Qf6 25. Qb8+ Qf8 26. Qxb7 c3 27. Bc1 Qf6 28. Ne4 Qd4+ 29. Nf2 h6 30. Qxb5 Bf7 31. Qb8+ Kh7 32. Qb5 Qe5 33. Qd3+ Bg6 34. Ne4 Nf4 35. Bxf4 Qxf4 36. Kf2 Qc7 37. g3 Qa7+ 38. Ke2 Qxa3 39. Qxc3 Qc1 40. Qd2 Qh1 41. Kd3 Qxf3+ 42. Qe3 Bxe4+ 43. Kd4 Qxe3+ 44. Kxe3 Bxc2 45. b5 Ba4 46. b6 Bc6 47. Kf4 Kg6 48. g4 Kf6 49. h4 Kg6 50. Ke5 Bf3 51. Kf4 Bh1 52. Ke5 Kf7 53. Kf4 Kf6 54. g5+ hxg5+ 55. hxg5+ Ke6 56. Kg4 Ke5 57. Kh5 Kf5 58. g6 Kf6 59. Kh4 Kxg6 0-1


[Site "https://www.chess.com"]

[Event "Titled Tuesday Blitz February 14 Late 2023"]
[White "Davidson, Kevin"]
[Black "Jeet, Jain"]
[WhiteFideId "2056810"]
[BlackFideId "5073022"]
[WhiteElo "2154"]
[BlackElo "2199"]
[Result "0-1"]
[Round "07"]
[TimeControl "180+2"]
[Date "2023.02.14"]
[WhiteClock "0:00:19"]
[BlackClock "0:02:32"]

1. e4 c6 2. d4 d5 3. e5 c5 4. dxc5 Nc6 5. Bb5 e6 6. Be3 Ne7 7. c3 Nf5 8. Bd4 Qg5 9. g3 h5 10. Nf3 Qh6 11. h4 Be7 12. Nbd2 Bd7 13. Bd3 g6 14. Qb3 Rb8 15. O-O-O Nfxd4 16. cxd4 b6 17. cxb6 Rxb6 18. Qc3 O-O 19. Kb1 Rfb8 20. b3 a5 21. Ka1 a4 22. bxa4 Bb4 23. Qc2 Na5 24. Rb1 Rc8 25. Qd1 Bc3+ 0-1


[Site "https://www.chess.com"]

[Event "Titled Tuesday Blitz February 14 Late 2023"]
[White "Rottenwohrer Suarez, Juan"]
[Black "Girsh, Daniel"]
[WhiteFideId "32068182"]
[BlackFideId "30949190"]
[WhiteElo "2265"]
[BlackElo "2123"]
[Result "0-1"]
[Round "07"]
[TimeControl "180+2"]
[Date "2023.02.14"]
[WhiteClock "0:00:03"]
[BlackClock "0:00:20"]

1. Nf3 d5 2. g3 Nf6 3. Bg2 e6 4. O-O Be7 5. c4 O-O 6. b3 c5 7. cxd5 Nxd5 8. Bb2 Nc6 9. Nc3 Nxc3 10. dxc3 Qc7 11. c4 Rd8 12. Qc2 b6 13. Rad1 Bb7 14. h4 h6 15. Ne5 Nb4 16. Qb1 Bxg2 17. Kxg2 Qb7+ 18. Kg1 Bf6 19. a3 Bxe5 20. Bxe5 Nc6 21. Ba1 Nd4 22. Bxd4 cxd4 23. b4 e5 24. Qf5 Qe7 25. Rc1 g6 26. Qe4 f5 27. Qc6 Kg7 28. h5 gxh5 29. Kg2 e4 30. Rh1 Rac8 31. Qb5 Qf7 32. Qe5+ Qf6 33. Qxf6+ Kxf6 34. Rxh5 Kg6 35. Rhh1 Rc7 36. Rhd1 Kf6 37. c5 bxc5 38. bxc5 Ke5 39. Rc4 Rc6 40. Ra4 a6 41. Rb1 Rd5 42. Rb6 Rdxc5 43. Raxa6 Rxb6 44. Rxb6 d3 45. exd3 exd3 46. Kf3 Rc3 47. Ke3 Rxa3 48. Rxh6 Kd5 49. Rf6 Kc4 50. Rxf5 Ra2 51. Rf4+ Kc3 0-1


[Site "https://www.chess.com"]

[Event "Titled Tuesday Blitz February 14 Late 2023"]
[White "Kanyamarala, Trisha"]
[Black "Urbina Perez, Juan Antonio"]
[WhiteFideId "45004722"]
[BlackFideId "2217368"]
[WhiteElo "2278"]
[BlackElo "2266"]
[Result "0-1"]
[Round "07"]
[TimeControl "180+2"]
[Date "2023.02.14"]
[WhiteClock "0:00:03"]
[BlackClock "0:00:28"]

1. d4 Nf6 2. c4 g6 3. Nc3 d5 4. cxd5 Nxd5 5. Bd2 Bg7 6. e4 Nxc3 7. Bxc3 O-O 8. Qd2 c5 9. d5 e6 10. d6 Bxc3 11. bxc3 e5 12. Nf3 Nc6 13. h4 h5 14. Qh6 Qf6 15. Rd1 Bd7 16. Bc4 Rad8 17. Qe3 Be6 18. Bxe6 Qxe6 19. Qxc5 Rd7 20. Rd5 Rfd8 21. Nxe5 Rxd6 22. Nxc6 Qxe4+ 23. Qe3 Qxe3+ 24. fxe3 Rxd5 25. Nxd8 Rxd8 26. Ke2 Rd5 27. Rb1 b6 28. a4 Rc5 29. Kd3 Kf8 30. Rb4 Ke7 31. Rd4 Rf5 32. Ke2 Rc5 33. Kd3 g5 34. hxg5 Rxg5 35. Rh4 Ke6 36. Re4+ Kd6 37. Rf4 f5 38. Rh4 Ke5 39. Rh3 Rxg2 40. Rxh5 Rg4 41. a5 bxa5 42. Rh7 Rg1 43. Rxa7 Rd1+ 44. Ke2 Ra1 45. c4 Ra2+ 46. Kd3 Ra3+ 47. Ke2 a4 48. Kd2 Ke4 49. Re7+ Kf3 50. c5 Ra2+ 51. Kd3 Ra3+ 52. Kd4 Ra1 53. c6 Rc1 54. c7 a3 55. Re5 Rxc7 56. Rxf5+ Ke2 57. Ra5 Rd7+ 58. Ke4 Rd3 59. Kf4 Rxe3 60. Kf5 Kd2 61. Kf4 Rc3 62. Ke4 Kc2 63. Kd4 Kb2 64. Rb5+ Rb3 65. Ra5 a2 0-1


[Site "https://www.chess.com"]

[Event "Titled Tuesday Blitz February 14 Late 2023"]
[White "Yedidia, Daniel"]
[Black "Ansh M Shah"]
[WhiteFideId "30905907"]
[BlackFideId "25033379"]
[WhiteElo "2041"]
[BlackElo "2171"]
[Result "1-0"]
[Round "07"]
[TimeControl "180+2"]
[Date "2023.02.14"]
[WhiteClock "0:01:02"]
[BlackClock "0:01:37"]

1. d4 Nf6 2. c4 g6 3. Nc3 Bg7 4. e4 d6 5. Nf3 O-O 6. Be2 Nc6 7. O-O e5 8. Be3 Ng4 9. Bg5 Qd7 10. Nd5 h6 11. h3 hxg5 12. hxg4 Nxd4 13. Nxg5 Nxe2+ 14. Qxe2 Qxg4 15. Qxg4 Bxg4 16. Nxc7 Be2 17. Rfe1 Rac8 18. Nd5 Bxc4 19. Ne7+ Kh8 20. Nxc8 Rxc8 21. Rac1 Bh6 22. Nxf7+ Kg7 23. Nxh6 Kxh6 24. b3 Be6 25. Rxc8 Bxc8 26. Rd1 Bd7 27. Rxd6 Bc6 28. f3 Kg5 29. Re6 Kf4 30. Kf2 a5 31. Rxg6 1-0


[Site "https://www.chess.com"]

[Event "Titled Tuesday Blitz February 14 Late 2023"]
[White "Bilan, Danila"]
[Black "Kostiukov, Alexandr"]
[WhiteFideId "24161918"]
[BlackFideId "14108100"]
[WhiteElo "2303"]
[BlackElo "2271"]
[Result "1-0"]
[Round "07"]
[TimeControl "180+2"]
[Date "2023.02.14"]
[WhiteClock "0:00:10"]
[BlackClock "0:00:06"]

1. d4 g6 2. Nf3 Bg7 3. Bg5 c5 4. c3 Qb6 5. Qc1 d5 6. e3 Nc6 7. Nbd2 Bf5 8. Be2 Nf6 9. O-O Ne4 10. Nxe4 dxe4 11. Nd2 h6 12. Bh4 g5 13. Bg3 e5 14. Nc4 Qc7 15. d5 Nd8 16. d6 Qd7 17. Nxe5 Qe6 18. Bb5+ Kf8 19. Nd7+ Kg8 20. Nxc5 Qd5 21. b4 Bg6 22. Bd7 Qc4 23. Rd1 b6 24. Nb3 Qxc3 25. Qxc3 Bxc3 26. Rac1 Bxb4 27. Be5 Rh7 28. Bf6 Ne6 29. Bxe6 fxe6 30. d7 Be7 31. Bxe7 Rxe7 32. Rc8+ 1-0


[Site "https://www.chess.com"]

[Event "Titled Tuesday Blitz February 14 Late 2023"]
[White "The_Sherman_Variation"]
[Black "Ruiz Aguilar, Pablo Alexander"]
[BlackFideId "4401352"]
[WhiteElo "2511"]
[BlackElo "2161"]
[Result "1-0"]
[Round "07"]
[TimeControl "180+2"]
[Date "2023.02.14"]
[WhiteClock "0:00:41"]
[BlackClock "0:00:02"]

1. d4 d5 2. Bf4 Nf6 3. Nf3 c5 4. e3 Nc6 5. c3 Qb6 6. Qb3 c4 7. Qxb6 axb6 8. Nbd2 b5 9. Ne5 e6 10. f3 b4 11. e4 bxc3 12. bxc3 Ba3 13. Rb1 Bd6 14. Rb2 Bxe5 15. dxe5 Nd7 16. exd5 exd5 17. Be2 Ndxe5 18. O-O O-O 19. Re1 Re8 20. Bf1 Bf5 21. Rxb7 Nd3 22. Rxe8+ Rxe8 23. g4 Bg6 24. Bg3 h5 25. h3 hxg4 26. hxg4 Ra8 27. Rd7 Rxa2 28. Bxd3 Bxd3 29. Bf4 Ra5 30. Kf2 f6 31. Ke3 Ne5 32. Rc7 Ng6 33. Bg3 Ra2 34. Rd7 Ra3 35. Rxd5 Rxc3 36. Kd4 Rc2 37. Ne4 Ne7 38. Rd8+ Kh7 39. Rd7 Ng8 40. Nd6 Kg6 41. Ne8 Be2 42. Rxg7+ Kh6 43. Bf4# 1-0


[Site "https://www.chess.com"]